 Dungeon Crawl Stone Soup version 0.29.1-1-gd02db6906a (webtiles) character file.

Game seed: 8030059980856291146

5765 groovy9 the Thaumaturge (level 11, -2/84 HPs)
             Began as a Djinni Conjurer on Sept 26, 2022.
             Was a Believer of Makhleb.
             Killed by divine providence
             ... invoked by an orc priest
              (12 damage)
             ... on level 9 of the Dungeon on Sept 27, 2022.
             The game lasted 00:36:09 (13156 turns).

groovy9 the Thaumaturge (Djinni Conjurer)          Turns: 13156, Time: 00:36:10

Health: -2/84      AC:  3    Str:  4 (6)  XL:     11   Next: 6%
Gold:   727        EV: 12    Int: 25      God:    Makhleb [**....] SH:  8 Dex: 16 (17)

rFire   + + .      SeeInvis +   z - +3 short sword (speed)
rCold   x . .      Faith    .   b - +0 buckler
rNeg    . . .      Spirit   .   a - +0 robe
rPois   ∞          Reflect  +   (no helmet)
rElec   .          Harm     .   v - +0 cloak
rCorr   .          Rampage  .   (no gloves)
Will    +....                   (boots unavailable)
Stlth   ++........              u - amulet of reflection
HPRegen 0.24/turn               t - +6 ring of dexterity
MPRegen 0.00/turn               r - ring of see invisible

@: about to teleport, flying
A: sickness immunity, fire resistance 2, cold vulnerability 1, float, innate
caster, HP casting, extra vitality 1, deterioration 1, wild magic 1
a: Renounce Religion, Minor Destruction


You were on level 9 of the Dungeon.
You worshipped Makhleb.
Makhleb was pleased with you.
You visited 2 branches of the dungeon, and saw 10 of its levels.

You collected 727 gold pieces.

Inventory:

Hand Weapons
 z - a +3 short sword of speed (weapon)
Missiles
 k - 3 atropa-tipped darts
 x - 2 throwing nets
 B - 4 curare-tipped darts
Armour
 a - a +0 robe (worn)
 b - a +0 buckler (worn)
 v - a +0 cloak (worn)
 w - a +1 helmet
Magical Staves
 l - a staff of earth
Jewellery
 r - a ring of see invisible (right hand)
 t - a +6 ring of dexterity (left hand)
 u - an amulet of reflection (around neck)
Wands
 c - a wand of flame (8)
Scrolls
 i - 2 scrolls of immolation
 j - a scroll of enchant weapon
Potions
 f - a potion of lignification
 h - 5 potions of curing
 o - 2 potions of might


   Skills:
 + Level 9.1 Fighting
 - Level 2.1 Dodging
 - Level 1.5 Stealth
 * Level 10.6 Spellcasting


You had 4 spell levels left.
You knew the following spells:

 Your Spells              Type           Power      Damage    Failure   Level
a - Magic Dart            Conj           100%       1d8       1%          1
b - Searing Ray           Conj           100%       2d8       1%          2
c - Dazzling Flash        Conj/Hex       100%       N/A       1%          3
d - Fulminant Prism       Conj/Hex       36%        3d18      1%          4
e - Iskenderun's Mystic   Conj/Tloc      72%        2d15      1%          4
f - Freeze                Ice            100%       1d11      1%          1
g - Ensorcelled Hibernat  Hex/Ice        100%       N/A       1%          2
h - Wereblood             Tmut           72%        N/A       1%          2
i - Flame Wave            Conj/Fire      72%        2d16      1%          4
j - Leda's Liquefaction   Hex/Erth       36%        N/A       1%          4
Your spell library was empty.

Dungeon Overview and Level Annotations

Branches:
Dungeon (9/15)             Temple (1/1) D:4
   Lair: D:8-11         Orc: D:9-12

Altars:
Cheibriados
Fedhas
Gozag
Hepliaklqana
Makhleb
Ru
Trog
Wu Jian
Yredelemnul
Zin

Shops:
D:3 !   D:6 *

Annotations:
D:3 exclusion: statue


Innate Abilities, Weirdness & Mutations

You are immune to sickness and miasma.
You are immune to poison.
Your flesh is very heat resistant. (rF++)
You are vulnerable to cold. (rC-)
You float through the air rather than walking.
You learn spells naturally, not from books.
Your magical power is your life essence.
You have superior vitality. (+4 MHP)
Your body sometimes deteriorates upon taking damage.
Your spells are a little harder to cast, but a little more powerful.


Message History

The bolt hits the orc warrior!
Casting: Searing Ray (safe; 1% risk of failure)
Confirm with . or Enter, or press ? or * to list all spells.
Aiming: Searing Ray (safe; 1% risk of failure)
Press: ? - help, Shift-Dir - straight line, f/p - orc warrior
Aim: an orc warrior, wielding a +0 arbalest and wearing a +0 plate armour (moderately wounded, 83% to hit)
The searing ray hits the orc warrior!
The orc warrior is severely wounded. (Press . to maintain the ray.)
The orc warrior shoots a bolt.
The bolt hits you!!
An orc comes into view. It is wielding a +0 trident.
The searing ray hits the orc warrior.
The orc warrior is almost dead.
The orc warrior shoots a bolt.
The bolt hits you!
Your body deteriorates!
You feel clumsy.
Casting: Searing Ray (safe; 1% risk of failure)
Confirm with . or Enter, or press ? or * to list all spells.
Aiming: Searing Ray (safe; 1% risk of failure)
Press: ? - help, Shift-Dir - straight line, f/p - orc warrior
Aim: an orc warrior, wielding a +0 arbalest and wearing a +0 plate armour (almost dead, 83% to hit)
The searing ray hits the orc warrior but does no damage.
The orc warrior is almost dead. (Press . to maintain the ray.)
The orc warrior shoots a bolt.
The bolt hits you!!
* * * LOW HITPOINT WARNING * * *
Casting: Searing Ray (safe; 1% risk of failure)
Confirm with . or Enter, or press ? or * to list all spells.
You erupt in a blast of force!
The mystic blast hits the orc warrior.
You kill the orc warrior!
Makhleb accepts your kill.
* * * LOW HITPOINT WARNING * * *
You hear a shout!
You feel your intelligence returning.
Okay, then.
As you read the scroll of teleportation, it crumbles to dust.
You feel strangely unstable.
You feel better.
The orc priest mumbles some strange prayers to Beogh against you.
Beogh smites you!
You die...

...#####..# #.........
..........####.........
................#####.
................# .
.........#####..#####...
.........# #..........
.........# #..........
.........#####...####...
................@# .
...............o##
...... ........o#
#####...........)
...#####...#. #####...#
#...##o ........# #...#
o# ......... ....# #
....>....


You could see an orc priest and an orc wizard.

Vanquished Creatures
  Erica (D:8)
  A two-headed ogre (D:8)
  Joseph (D:7)
  Psyche (D:8)
  A hornet (D:9)
  A yak (D:9)
  2 water moccasins (D:7)
  2 black bears
  An ice beast (D:7)
  2 orc warriors
  2 sky beasts
  An ogre (D:4)
  3 centaurs
  Blork the orc (D:5)
  5 bullfrogs
  A necrophage (D:8)
  2 gnoll sergeants
  3 scorpions
  3 wights
  5 killer bees
  A howler monkey (D:8)
  2 centaur zombies (D:8)
  A human zombie (D:8)
  2 gnoll boudas
  6 jellies
  Crazy Yiuf (D:3)
  7 hounds
  4 orc priests
  4 iguanas (D:5)
  An orc wizard (D:6)
  2 killer bee zombies (D:8)
  3 mummies (D:8)
  A howler monkey zombie (D:8)
  Robin (D:3)
  20 gnolls
  8 adders
  A shadow imp (D:7)
  A white imp (D:5)
  6 dart slugs
  16 orcs
  3 ball pythons
  10 bats
  8 endoplasms
  4 giant cockroaches
  11 goblins
  12 hobgoblins
  6 jackals (D:2)
  7 quokkas
  2 frilled lizards (D:2)
  6 kobolds
  A rat (D:2)
197 creatures vanquished.

Vanquished Creatures (others)
  An orc wizard (D:9)
  2 fulminant prisms
3 creatures vanquished.

Grand Total: 200 creatures vanquished

Notes
Turn   | Place    | Note
-------+----------+-------------------------------------------
     0 | D:1      | groovy9 the Djinni Conjurer began the quest for the Orb.
     0 | D:1      | groovy9 set off with the following spells memorised: Magic
                  | Dart, Searing Ray, Dazzling Flash, Fulminant Prism,
                  | Iskenderun's Mystic Blast.
     0 | D:1      | Reached XP level 1. HP: 15/15 MP: 0/0
   231 | D:1      | Reached XP level 2. HP: 14/22 MP: 0/0
   735 | D:1      | Reached skill level 1 in Fighting
  1102 | D:1      | Reached XP level 3. HP: 26/27 MP: 0/0
  1102 | D:1      | Learned a level 1 spell: Freeze
  2182 | D:2      | Reached XP level 4. HP: 30/32 MP: 0/0
  2212 | D:2      | Reached skill level 4 in Spellcasting
  2830 | D:3      | You are sucked into a shaft and drop 2 floors!
  2830 | D:5      | Entered Level 5 of the Dungeon
  3051 | D:4      | Noticed a black bear
  3404 | D:4      | Reached XP level 5. HP: 33/38 MP: 0/0
  3404 | D:4      | Learned a level 2 spell: Ensorcelled Hibernation
  3458 | D:4      | Found a staircase to the Ecumenical Temple.
  3467 | Temple   | Entered the Ecumenical Temple
  3478 | Temple   | Became a worshipper of Makhleb the Destroyer
  3504 | D:3      | Noticed Robin
  3518 | D:3      | Killed Robin
  3782 | D:3      | Found a runed translucent door.
  3783 | D:3      | Noticed Crazy Yiuf
  4290 | D:3      | Found Josiam's Distillery.
  4387 | D:3      | Noticed a charred statue
  4472 | D:3      | Killed Crazy Yiuf
  4473 | D:3      | Reached XP level 6. HP: 38/45 MP: 0/0
  4576 | D:4      | Reached skill level 5 in Spellcasting
  4884 | D:4      | Reached * piety under Makhleb
  4884 | D:4      | Noticed an ogre
  4885 | D:4      | Reached XP level 7. HP: 45/50 MP: 0/0
  4885 | D:4      | Learned a level 2 spell: Wereblood
  5309 | D:4      | Reached skill level 6 in Spellcasting
  6232 | D:5      | Reached XP level 8. HP: 56/58 MP: 0/0
  6410 | D:5      | Noticed Blork the orc
  6415 | D:5      | Killed Blork the orc
  6800 | D:6      | Reached skill level 5 in Fighting
  7124 | D:6      | Found Busuxoxo's Lightly-Used Armoury.
  7135 | D:6      | Reached skill level 7 in Spellcasting
  7137 | D:6      | Reached ** piety under Makhleb
  7577 | D:6      | Reached XP level 9. HP: 63/66 MP: 0/0
  7577 | D:6      | Learned a level 4 spell: Flame Wave
  8320 | D:7      | Identified the +4 shortbow of Myqul {vorpal, rPois rF+ rC-
                  | Int+2}
  8343 | D:7      | Reached skill level 8 in Spellcasting
  9104 | D:7      | Noticed Joseph
  9116 | D:7      | Killed Joseph
  9771 | D:8      | Noticed Erica
  9774 | D:8      | Noticed a two-headed ogre
  9988 | D:8      | Reached XP level 10. HP: 29/75 MP: 0/0
 10065 | D:8      | Reached skill level 9 in Spellcasting
 10612 | D:8      | Found a blossoming altar of Fedhas.
 10725 | D:8      | Killed Erica
 10736 | D:8      | Killed a two-headed ogre
 10743 | D:8      | Reached skill level 10 in Spellcasting
 10972 | D:8      | Noticed Psyche
 11872 | D:8      | Killed Psyche
 12591 | D:8      | Gained mutation: You are agile. (Dex +4, Str/Int -1)
                  | [potion of mutation]
 12591 | D:8      | Gained mutation: Armour fits poorly on your strangely
                  | shaped body. [potion of mutation]
 12591 | D:8      | Gained mutation: You sometimes lose your temper in combat.
                  | [potion of mutation]
 12592 | D:8      | Lost mutation: Armour fits poorly on your strangely shaped
                  | body. [potion of mutation]
 12592 | D:8      | Lost mutation: You are agile. (Dex +4, Str/Int -1) [potion
                  | of mutation]
 12592 | D:8      | Gained mutation: You have a pair of small antennae on your
                  | head. [potion of mutation]
 12593 | D:8      | Lost mutation: You sometimes lose your temper in combat.
                  | [potion of mutation]
 12593 | D:8      | Lost mutation: You have a pair of small antennae on your
                  | head. [potion of mutation]
 12593 | D:8      | Gained mutation: Your spells are a little harder to cast,
                  | but a little more powerful. [potion of mutation]
 12593 | D:8      | Gained mutation: Your body sometimes deteriorates upon
                  | taking damage. [potion of mutation]
 12809 | D:9      | Reached XP level 11. HP: 59/84 MP: 0/0
 12809 | D:9      | Learned a level 4 spell: Leda's Liquefaction
 13156 | D:9      | Killed from afar by an orc priest

Illustrated notes

Levels and vault maps discovered:
D:1:      lightli_arrival_noodles, layout_basic, minmay_tromino_v4_c
D:2:      kennysheep_big_flooded_room, layout_basic
D:3:      layout_rooms, vehumet_statue, serial_rivers,
          chequers_serial_rivers_room_a, chequers_serial_rivers_room_b,
          chequers_serial_rivers_micro_d, chequers_serial_rivers_micro_d,
          serial_shops, nicolae_shop_stone, uniq_crazy_yiuf_cottage, uniq_robin
D:4:      layout_cave_pods, minmay_temple_entry_wispy, minmay_misc_feat_cross,
          amcnicky_mini_corridor_feature
D:5:      layout_basic, uniq_blork_the_orc
D:6:      minmay_inner_zag, layout_rooms, grunt_ministairs_13,
          kb_lookout_dungeons_type, minmay_shop_damaged
D:7:      layout_gridville, uniq_joseph
D:8:      layout_cave_pods, lemuel_mausoleum_altar_kikubaaqudgha,
          amcnicky_altar_gilded, minmay_manual_monolith, uniq_psyche, uniq_erica
D:9:      minmay_spotlight, layout_small_grid, hiddenorc2_lemuel,
          hangedman_decor_peaks_small, nicolae_lava_and_water, dk_vineyard_3,
          lemuel_flamethrower_2
Temple:   hellmonk_temple_of_storms

Skill      XL: |  1  2  3  4  5  6  7  8  9 10 |
---------------+-------------------------------+-----
Fighting       | 1 2 3 4 5 7 9 |  9.1
Spellcasting   | 4 5 6 7 8 10 | 10.6
Dodging        | |  2.1
Stealth        | |  1.5

Action                   |  1- 3 |  4- 6 |  7- 9 | 10-12 || total
-------------------------+-------+-------+-------+-------++-------
Melee: Short sword       |       |       |     1 |       ||     1
 Cast: Magic Dart        |    57 |    36 |    65 |    33 ||   191
       Searing Ray       |     8 |    31 |    60 |    47 ||   146
       Ensorcelled Hiber |       |     1 |     1 |     1 ||     3
       Iskenderun's Myst |       |       |     4 |    11 ||    15
       Fulminant Prism   |       |       |     2 |       ||     2
       Flame Wave        |       |       |     1 |     2 ||     3
  Use: Scroll            |       |       |    15 |     4 ||    19
       Potion            |       |       |     8 |    10 ||    18
Armor: Robe              |     1 |     4 |     9 |     8 ||    22
       Skin              |       |       |     5 |     7 ||    12
Dodge: Dodged            |     4 |    18 |    12 |    50 ||    84
Block: Other             |       |       |     9 |    16 ||    25
       Reflection        |       |       |     1 |     5 ||     6
       Buckler           |       |       |       |     5 ||     5
